Map: Ascension to Aiur LE

Players

Harstem - Winner!

  • Race: Protoss Protoss
  • Spawn Location: 11:00

TheDounat

  • Race: Protoss Protoss
  • Spawn Location: 5:00

Event: WCS Jonkoping 2017

VOD

Have the link to the VOD?

Description

Time

  • Played on: June 17, 2017, 7:53 a.m.
  • Length: 8:49

All games in this series

Show
View Real Time Build Order
Export as new Build Order

Harstem Protoss - Winner!

Build Orders:  

Get SALT Encoding   

  12  0:01  Probe (Chrono Boost)  
  13  0:12  Probe (Chrono Boost)  
  14  0:17  Pylon  
  14  0:22  Probe (Chrono Boost)  
  16  0:35  Probe (Chrono Boost)  
  16  0:36  Gateway  
  16  0:46  Probe (Chrono Boost)  
  16  0:47  Assimilator  
  17  0:52  Assimilator  
  17  0:57  Probe (Chrono Boost)  
  18  1:05  Gateway  
  18  1:07  Probe (Chrono Boost)  
  19  1:18  Probe (Chrono Boost)  
  20  1:24  Cybernetics Core  
  20  1:28  Probe (Chrono Boost)  
  20  1:32  Pylon  
  21  1:39  Probe (Chrono Boost)  
  22  1:49  Probe (Chrono Boost)  
  29  2:01  Mothership Core  
  29  2:02  Adept x2 (Chrono Boost)  
  29  2:03  Warp Gate (Chrono Boost)  
  29  2:10  Pylon  
  29  2:26  Stalker (Chrono Boost)  
  29  2:29  Stalker (Chrono Boost)  
  33  2:57  Nexus  
  33  3:00  Sentry  
  37  3:06  Sentry  
  37  3:07  Pylon  
  37  3:19  Probe (Chrono Boost)  
  34  3:25  Robotics Facility  
  34  3:31  Probe (Chrono Boost)  
  35  3:38  Twilight Council  
  35  3:42  Probe (Chrono Boost)  
  36  3:53  Probe (Chrono Boost)  
  37  3:58  Stalker x2  
  41  4:05  Probe (Chrono Boost)  
  46  4:18  Probe  
  46  4:19  Probe  
  46  4:20  Observer (Chrono Boost)  
  46  4:22  Stalker x2  
  49  4:29  Probe  
  50  4:32  Probe  
  51  4:39  Immortal (Chrono Boost)  
  51  4:45  Probe  
  57  4:47  Probe  
  57  4:49  Pylon  
  57  4:57  Probe  
  57  4:58  Probe  
  59  5:07  Forge, Blink (Chrono Boost)  
  59  5:09  Probe, Phoenix  
  59  5:10  Probe  
  61  5:20  Pylon, Immortal  
  61  5:21  Probe  
  62  5:23  Probe  
  62  5:27  Assimilator  
  67  5:33  Probe  
  68  5:36  Probe  
  68  5:37  Pylon  
  68  5:38  Assimilator  
  68  5:41  Pylon  
  69  5:44  Protoss Ground Weapons Level 1 (Chrono Boost)  
  69  5:47  Probe  
  70  5:51  Pylon  
  70  5:53  Stalker, Phoenix  
  72  6:09  Probe  
  77  6:17  Probe  
  74  6:18  Immortal, Robotics Bay  
  78  6:31  Nexus  
  78  6:40  Gateway x2  
  78  6:43  Stalker  
  78  6:44  Probe x2  
  82  6:51  Pylon  
  82  6:59  Stalker  
  84  7:04  Gateway  
  84  7:05  Disruptor  
  84  7:10  Gateway  
  84  7:11  Stalker  
  89  7:17  Probe  
  90  7:31  Stalker  
  90  7:32  Probe  
  90  7:34  Probe  
  90  7:36  Disruptor  
  94  7:44  Probe  
  96  7:46  Probe  
  87  7:55  Stalker x4  
  87  7:56  Probe  
  90  7:58  Probe  
  90  8:04  Probe  
  90  8:05  Stalker  
  93  8:11  Disruptor  
  94  8:17  Gateway  
  97  8:20  Stalker x2  
  97  8:21  Probe  
  97  8:22  Assimilator  
  97  8:25  Stalker  
  104  8:30  Assimilator  
  104  8:46  Stalker  
  104  8:47  Stalker x3  
Show
View Real Time Build Order
Export as new Build Order

TheDounat Protoss 

Build Orders:  

Get SALT Encoding   

  12  0:01  Probe (Chrono Boost)  
  13  0:11  Probe (Chrono Boost)  
  14  0:17  Pylon  
  14  0:22  Probe (Chrono Boost)  
  15  0:35  Probe (Chrono Boost)  
  16  0:38  Gateway  
  16  0:46  Probe (Chrono Boost)  
  16  0:47  Assimilator  
  17  0:55  Assimilator  
  17  0:56  Probe (Chrono Boost)  
  18  1:07  Probe (Chrono Boost)  
  18  1:09  Gateway  
  19  1:17  Probe (Chrono Boost)  
  20  1:25  Cybernetics Core  
  20  1:28  Probe (Chrono Boost)  
  21  1:35  Pylon  
  21  1:38  Probe (Chrono Boost)  
  22  1:49  Probe (Chrono Boost)  
  23  2:01  Stalker, Warp Gate (Chrono Boost)  
  23  2:04  Stalker  
  27  2:11  Probe (Chrono Boost)  
  28  2:23  Mothership Core  
  28  2:24  Pylon  
  30  2:42  Stalker x2  
  34  2:44  Probe  
  34  2:58  Probe  
  35  3:06  Robotics Facility  
  35  3:10  Probe  
  33  3:22  Probe  
  33  3:25  Nexus  
  34  3:42  Pylon  
  34  3:46  Probe (Chrono Boost)  
  35  4:05  Probe (Chrono Boost)  
  32  4:16  Sentry x2  
  36  4:17  Probe (Chrono Boost)  
  36  4:18  Immortal (Chrono Boost)  
  41  4:34  Probe  
  42  4:40  Stalker x2  
  42  4:42  Probe  
  47  4:50  Probe, Robotics Bay  
  48  4:53  Gateway  
  48  4:56  Probe  
  49  5:02  Probe  
  49  5:05  Assimilator  
  49  5:06  Probe, Assimilator  
  52  5:14  Probe  
  52  5:19  Probe, Immortal (Chrono Boost)  
  57  5:24  Adept  
  57  5:28  Probe  
  60  5:30  Probe  
  61  5:40  Probe  
  62  5:44  Pylon  
  62  5:53  Pylon  
  62  5:58  Pylon  
  62  6:01  Probe  
  62  6:02  Probe, Disruptor (Chrono Boost)  
  67  6:08  Sentry  
  69  6:11  Probe, Pylon  
  69  6:17  Gateway  
  70  6:19  Gateway  
  70  6:24  Gateway  
  70  6:31  Probe  
  71  6:33  Probe  
  71  6:36  Stalker x2  
  71  6:38  Sentry  
  78  6:42  Disruptor (Chrono Boost)  
  81  6:56  Probe  
  82  7:08  Stalker x3  
  86  7:13  Probe, Warp Prism (Chrono Boost)  
  86  7:15  Pylon  
  81  7:40  Pylon  
  81  7:44  Stalker x4  
  64  8:05  Disruptor (Chrono Boost)  
  56  8:06  Sentry  
  56  8:07  Sentry, Adept x2  
  56  8:08  Adept x2  
  68  8:32  Stalker x2  
  68  8:33  Stalker x4  
Tags
 
Add a new tag
Caveats
  • Supply blocks, unpowered buildings, or Contaminate may cause inaccurate times.
  • Supply counts are checked every 10 seconds.